 Dungeon Crawl Stone Soup version 0.30-a0-149-g7f746667c4 (webtiles) character file.

Game seed: 12060409267114167141

146016 themarg the Eclecticist (level 18, -13/144 HPs)
             Began as a Djinni Fire Elementalist on Sept 26, 2022.
             Was a High Priest of Ashenzari.
             Mangled by an azure jelly (48 damage)
             ... summoned by an orange crystal statue
             ... in an ice cave.
             The game lasted 04:26:47 (28125 turns).

themarg the Eclecticist (Djinni Fire Elementalist) Turns: 28125, Time: 04:26:47

Health: -13/144    AC:  7    Str: 10    XL:     18   Next: 5%
Gold:   1792       EV: 17    Int: 28    God:    Ashenzari [*****.] SH: 19 Dex: 16

rFire   + + .      SeeInvis +    Q - +11 rapier of Ashenzari's Stars {spect, Str+3, Self, Melee} (curse)
rCold   x . .      Faith    .    Z - +0 tower shield {rPois}
rNeg    . . .      Spirit   .    n - +0 robe of the Sidereal Doubts {+Inv Regen+, Self, Range} (curse)
rPois   ∞          Reflect  +    S - +3 hat of Pondering {ponderous, Will+ MP+10 Int+5, Cun, Evo} (curse)
rElec   .          Harm     .    j - +0 cloak of Star-Bound Wisdom {Self, Melee} (curse)
rCorr   .          Rampage  .    X - +0 pair of gloves "Shattered Together" {Melee, Range} (curse)
Will    +++..      Clarity  +    (boots unavailable)
Stlth   ++++......               I - amulet of Ashenzari's Portent {Reflect SH+5, Range, Self} (curse)
HPRegen 1.14/turn                c - ring "I Foresaw This" {Will+, Range, Fort} (curse)
MPRegen 0.00/turn                z - ring "Boredom of Ashenzari" {SInv, Fort, Melee} (curse)

@: flying, studying Ranged Weapons, slow
A: sickness immunity, fire resistance 2, cold vulnerability 1, float, innate
caster, HP casting, extra vitality 1
a: Renounce Religion, Evoke Invisibility, Curse Item, Shatter the Chains


You were in an ice cave.
You worshipped Ashenzari.
Ashenzari was extremely pleased with you.
You visited 6 branches of the dungeon, and saw 28 of its levels.
You visited 1 bazaar.
You also visited: Ice Cave and Volcano.

You collected 2595 gold pieces.
You spent 803 gold pieces at shops.

Inventory:

Hand Weapons
 Q - the cursed +11 rapier of Ashenzari's Stars (weapon) {spect, Str+3, Self, Melee}
   (You bought it in a shop in a bazaar)

   When its wielder attacks, the weapon's spirit leaps out and strikes again.
   The spirit shares a part of any damage it takes with its wielder.
   Str:       It affects your strength (+3).
   It has a curse which improves the following skills: Introspection: Fighting
   and Spellcasting.
   Melee Combat: Short Blades, Long Blades, Axes, Maces & Flails, Polearms,
   Staves and Unarmed Combat.
Missiles
 d - 2 throwing nets
 g - 9 boomerangs of dispersal
 t - 10 atropa-tipped darts
 A - 44 poisoned darts
Armour
 i - a +3 troll leather armour {Snorg}
 j - the cursed +0 cloak of Star-Bound Wisdom (worn) {Self, Melee}
   (You found it on level 1 of the Dungeon)

   It has a curse which improves the following skills: Introspection: Fighting
   and Spellcasting.
   Melee Combat: Short Blades, Long Blades, Axes, Maces & Flails, Polearms,
   Staves and Unarmed Combat.
 n - the cursed +0 robe of the Sidereal Doubts (worn) {+Inv Regen+, Self, Range}
   (You found it on level 3 of the Dungeon)

   +Inv:      It lets you turn invisible.
   Regen:     It increases your rate of health regeneration.
   It has a curse which improves the following skills: Introspection: Fighting
   and Spellcasting.
   Ranged Combat: Ranged Weapons and Throwing.
 S - the cursed +3 hat of Pondering (worn) {ponderous, Will+ MP+10 Int+5, Cun, Evo}
   (You bought it in a shop on level 9 of the Dungeon)

   Int:       It affects your intelligence (+5).
   MP:        It affects your magic capacity (+10).
   Will:      It increases your willpower.
   It has a curse which improves the following skills: Cunning: Dodging and
   Stealth.
   Evocations: Evocations.
 X - the cursed +0 pair of gloves "Shattered Together" (worn) {Melee, Range}
   (You found it on level 4 of the Lair of Beasts)

   It has a curse which improves the following skills: Melee Combat: Short
   Blades, Long Blades, Axes, Maces & Flails, Polearms, Staves and Unarmed
   Combat.
   Ranged Combat: Ranged Weapons and Throwing.
 Z - a +0 tower shield of poison resistance (worn)
Jewellery
 c - the cursed ring "I Foresaw This" (left hand) {Will+, Range, Fort}
   (You found it on level 4 of the Dungeon)

   [ring of willpower]

   Will:      It increases your willpower.
   It has a curse which improves the following skills: Ranged Combat: Ranged
   Weapons and Throwing.
   Fortitude: Armour and Shields.
 z - the cursed ring "Boredom of Ashenzari" (right hand) {SInv, Fort, Melee}
   (You found it on level 5 of the Dungeon)

   [ring of see invisible]

   SInv:      It lets you see invisible.
   It has a curse which improves the following skills: Fortitude: Armour and
   Shields.
   Melee Combat: Short Blades, Long Blades, Axes, Maces & Flails, Polearms,
   Staves and Unarmed Combat.
 D - a ring of protection from cold
 I - the cursed amulet of Ashenzari's Portent (around neck) {Reflect SH+5, Range, Self}
   (You found it on level 9 of the Dungeon)

   [amulet of reflection]

   It reflects blocked missile attacks.
   SH:        It affects your SH (+5).
   It has a curse which improves the following skills: Ranged Combat: Ranged
   Weapons and Throwing.
   Introspection: Fighting and Spellcasting.
 J - a +6 ring of strength
 L - a ring of resist corrosion
 N - a ring of ice
 R - a ring of positive energy
 V - a ring of protection from fire
 Y - the ring "Niudway" {rCorr Dex+6}
   (You found it in an ice cave)

   [ring of resist corrosion]

   Dex:       It affects your dexterity (+6).
   rCorr:     It protects you from acid and corrosion.
Wands
 w - a wand of digging (12)
 y - a wand of acid (21)
 G - a wand of mindburst (18)
 P - a wand of flame (28)
 U - a wand of roots (22)
Scrolls
 e - 3 scrolls of vulnerability
 f - 20 scrolls of teleportation
 l - 4 scrolls of enchant armour
 o - 3 scrolls of immolation
 r - 2 scrolls of magic mapping
 s - 4 scrolls of fear (quivered)
 v - 2 scrolls of noise
 x - 3 scrolls of butterflies
 E - a scroll of silence
 F - 4 scrolls of poison
 K - 4 scrolls of brand weapon
 M - 2 scrolls of enchant weapon
 W - 2 scrolls of summoning
Potions
 a - 2 potions of resistance
 b - 5 potions of brilliance
 h - a potion of cancellation
 k - 5 potions of degeneration
 m - 10 potions of curing
 p - 8 potions of lignification
 q - 4 potions of invisibility
 u - 7 potions of attraction
 B - 5 potions of haste
 C - 2 potions of heal wounds
 H - 2 potions of berserk rage
 O - 2 potions of might
Miscellaneous
 T - a tin of tremorstones (2/2)


   Skills:
 + Level 12.3(17.8) Fighting
 - Level 8.5(14.0) Short Blades
 - Level 2.4(5.1) Armour
 - Level 12.7(15.0) Dodging
 - Level 7.6(10.0) Stealth
 - Level 2.4(5.1) Shields
 - Level 16.6(22.0) Spellcasting
 - Level 9.6(12.0) Evocations


You had 17 spell levels left.
You knew the following spells:

 Your Spells              Type           Power      Damage    Failure   Level
a - Foxfire               Conj/Fire      100%       2x1d9     0%          1
b - Scorch                Fire           100%       2d10      0%          2
c - Kindle Blastsparks    Fire/Tloc/Air  100%       2d18      0%          3
d - Inner Flame           Hex/Fire       100%       N/A       0%          3
e - Flame Wave            Conj/Fire      100%       2d21      0%          4
f - Necrotise             Necr           100%       1d9       0%          1
g - Ensorcelled Hibernat  Hex/Ice        100%       N/A       0%          2
h - Mephitic Cloud        Conj/Pois/Air  100%       N/A       0%          3
i - Dazzling Flash        Conj/Hex       100%       N/A       0%          3
j - Olgreb's Toxic Radia  Pois           100%       N/A       0%          4
k - Iskenderun's Battles  Conj           100%       2d15      1%          5
l - Eringya's Noxious Bo  Tmut/Pois      50%        N/A       1%          6
m - Ozocubu's Refrigerat  Ice            50%        4d18      1%          7
Your spell library was empty.

Dungeon Overview and Level Annotations

Branches:
Dungeon (13/15)            Temple (1/1) D:7            Lair (5/5) D:10
 Shoals (3/4) Lair:2        Snake (4/4) Lair:2        Slime (0/5) Lair:5
    Orc (2/2) D:11            Elf (0/3) Orc:2         IceCv (1/1)
Volcano (visited)
 Vaults: D:13-14

Altars:
Ashenzari
Cheibriados
Dithmenos
Elyvilon
Fedhas
Gozag
Hepliaklqana
Makhleb
Nemelex Xobeh
Okawaru
Qazlal
Ru
Trog
Uskayaw
Wu Jian
Xom
Yredelemnul
Zin
The Shining One
Jiyva

Shops:
D:4 :   D:6 (   Orc:2 =[([   Snake:1 :[

Portals:
Trove: D:11 (give +3 gold dragon scales)

Annotations:
D:11 1 exclusion
Lair:1 exclusion: oklob plant
Lair:3 2 transporters, Zofeg's ghost, journeyman MiMo
Snake:3 2 transporters, exclusion: orange crystal statue
Orc:1 3 runed translucent doors, Faerphill's ghost, journeyman DgCj; Hihocicw's ghost, journeyman MeBr IceCv exclusion: orange crystal statue


Innate Abilities, Weirdness & Mutations

You are immune to sickness and miasma.
You are immune to poison.
Your flesh is very heat resistant. (rF++)
You are vulnerable to cold. (rC-)
You float through the air rather than walking.
You learn spells naturally, not from books.
Your magical power is your life essence.
You have superior vitality. (+4 MHP)


Message History

You block the azure jelly's attack.
Okay, then.
Okay, then.
Press: ? - help, v - describe, . - travel
Here: an azure jelly (severely wounded, summoned, more vulnerable to fire, ally target)
The floor.
An azure jelly is nearby!
Unknown command.
Read: 4 scrolls of fear
Press: ? - help, Q - select action, (/) - cycle Dir - look around, f - activate Look: an azure jelly (severely wounded, summoned, more vulnerable to fire, ally target, chance to affect: 64%)
Okay, then.
Press: ? - help, v - describe, . - travel
Here: an azure jelly (severely wounded, summoned, more vulnerable to fire, ally target)
The floor.
An azure jelly is nearby!
Unknown command.
You are flying.
You are studying Ranged Weapons.
Your flying speed is slow.
Your attack delay is about 0.8 (and cannot be improved with additional weapon skill) (and is slowed by your shield).
Your damage rating with the cursed +11 rapier of Ashenzari's Stars {spect, Str+3, Self, Melee} is about 24 (Base 7 x 115% (Dex) x 166% (Skill) + 11 (Ench)).
Your base attributes are Str 7, Int 23, Dex 16.
Press: ? - help, v - describe, . - travel
Here: an azure jelly (severely wounded, summoned, more vulnerable to fire, ally target)
The floor.
You feel much better. The walls burn your foxfire!
The foxfire hits the azure jelly.
The azure jelly is burned terribly!
The azure jelly is severely wounded.
The wall burns your foxfire!
The foxfire hits the azure jelly.
The azure jelly is burned terribly!
The azure jelly is severely wounded.
You block the azure jelly's attack.
The azure jelly hits you but does no damage.
The azure jelly hits you.
* * * LOW HITPOINT WARNING * * *
You block the azure jelly's attack.
You feel much better. The azure jelly barely misses you.
The azure jelly hits you.
* * * LOW HITPOINT WARNING * * *
The azure jelly freezes you!!!
You feel a terrible chill!
You die...

J....##########..,,,,* ,
.JJ....##########..,,, ,{ *
##...........######. , *
###...............### *
#######.#####.......#########
#######.#######.......########
.........########.*..#########
.........#######.§..###.....##
...###.....###.J@.###........#
..######...............#.....#
.....[.###....####....##.....#
...##.)..########....##.....##
....##.....##......###.....##
##...####.......####....#####
###....####...###.....######
#####.....#####.....#######
########§........#########


You could see an azure jelly (summoned, combustible, ally target) and a friendly
battlesphere.

Vanquished Creatures
  Jorgrun (Orc:1)
  Rupert (Lair:3)
  Polyphemus (Shoals:2)
  A nagaraja (Snake:3)
  Ilsuiw (Shoals:3)
  4 quicksilver oozes (IceCv)
  Nessos (Lair:4)
  A dire elephant (Lair:5)
  Snorg (Orc:1)
  A merfolk javelineer (Shoals:3)
  3 merfolk impalers
  Fannar (D:10)
  5 hydras
  3 centaur warriors
  A merfolk aquamancer (Shoals:3)
  A merfolk avatar (Shoals:3)
  3 catoblepae
  An ogre mage (D:12)
  A boulder beetle (D:11)
  9 anacondas
  A death knight (D:12)
  2 two-headed ogres
  A deep troll shaman (Lair:5)
  7 naga warriors
  2 naga sharpshooters (Snake:3)
  10 orc high priests (Orc:2)
  14 death yaks
  2 shock serpents
  Urug (D:11)
  Amaemon (Lair:1)
  2 naga ritualists (Snake:1)
  An orange crystal statue (IceCv)
  11 sea snakes
  5 harpies (Shoals:1)
  3 orc knights
  4 mana vipers
  3 orc sorcerers (Orc:2)
  5 manticores
  14 ugly things
  7 cyclopes
  Maurice (Orc:1)
  23 black mambas
  10 fauns
  5 salamanders
  7 merfolk sirens
  A guardian serpent (Snake:1)
  4 naga magi
  A torpor snail (shapeshifter) (D:12)
  11 elephants
  14 cane toads
  4 water nymphs
  An orange demon (Lair:1)
  5 rime drakes
  A gargoyle (D:12)
  A yaktaur (D:12)
  3 kobold demonologists
  10 komodo dragons
  The ghost of ReploidZero the Gusty, a novice TeAE of Ru (D:5)
  21 merfolk
  A troll (shapeshifter) (D:12)
  A hornet (D:10)
  2 wind drakes (Shoals:2)
  7 trolls
  3 polar bears
  6 dream sheep
  9 slime creatures
  3 snapping turtles
  5 blink frogs (Lair:5)
  2 flying skulls (Volcano)
  Sigmund (D:3)
  A centaur simulacrum (D:12)
  4 spriggans
  3 wraiths
  9 water elementals
  6 wyverns
  23 yaks
  2 steam dragons
  2 basilisks
  10 vampire mosquitoes
  The ghost of valliere the Insei, an amateur DjTm (D:3)
  9 wargs
  2 acid dragons (D:11)
  19 nagas
  19 water moccasins
  Duvessa (D:6)
  20 orc warriors
  An ice beast (D:7)
  4 sky beasts
  5 great orb of eyes simulacra (IceCv)
  7 black bears
  8 wolves
  10 ogres
  18 centaurs
  6 slime creature simulacra (IceCv)
  4 kobold brigands
  A phantom (D:4)
  2 necrophages
  Blork the orc (D:4)
  18 bullfrogs
  A gnoll sergeant (D:12)
  6 scorpions
  6 glowing shapeshifter simulacra (IceCv)
  21 wights
  Dowan (D:6)
  3 killer bees (D:11)
  4 howler monkeys
  3 jellies
  32 orc priests
  3 gnoll boudas
  Jessica (D:3)
  5 iguanas
  18 orc wizards
  11 hell rats
  8 gnolls
  5 adders
  15 river rats (D:5)
  2 shadow imps
  2 ufetubi (D:6)
  3 worms
  A dart slug (D:5)
  89 orcs
  5 endoplasms
  5 giant cockroaches
  11 goblins
  6 hobgoblins
  11 jackals
  21 kobolds
  3 quokkas
  4 ball pythons
  5 bats
  5 frilled lizards
  4 rats
  3 foxfires (Shoals:3)
840 creatures vanquished.

Vanquished Creatures (collateral kills)
  A manticore (Shoals:3)
  10 foxfires
11 creatures vanquished.

Vanquished Creatures (others)
  A great orb of eyes simulacrum (IceCv)
  A slime creature simulacrum (IceCv)
  1164 foxfires
  69 fungi
  190 plants
1425 creatures vanquished.

Grand Total: 2276 creatures vanquished

Notes
Turn   | Place    | Note
-------+----------+-------------------------------------------
     0 | D:1      | themarg the Djinni Fire Elementalist began the quest for
                  | the Orb.
     0 | D:1      | themarg set off with the following spells memorised:
                  | Foxfire, Scorch, Kindle Blastsparks, Inner Flame, Flame
                  | Wave.
     0 | D:1      | Reached XP level 1. HP: 15/15 MP: 0/0
   288 | D:1      | Reached XP level 2. HP: 18/21 MP: 0/0
   711 | D:1      | Reached XP level 3. HP: 18/25 MP: 0/0
   711 | D:1      | Learned a level 1 spell: Necrotise
  1750 | D:2      | Reached skill level 3 in Spellcasting
  1750 | D:2      | Reached XP level 4. HP: 31/31 MP: 0/0
  1761 | D:2      | Found a faded altar of an unknown god.
  2172 | D:3      | Identified the +0 robe of Uskayaw, Telling {+Inv Regen+}
  2175 | D:3      | Noticed Jessica
  2176 | D:3      | Killed Jessica
  2326 | D:3      | Reached XP level 5. HP: 35/35 MP: 0/0
  2326 | D:3      | Learned a level 2 spell: Ensorcelled Hibernation
  2355 | D:3      | Noticed Sigmund
  2558 | D:3      | Found a blossoming altar of Fedhas.
  2869 | D:3      | Reached skill level 4 in Spellcasting
  2902 | D:3      | Found a transporter.
  2910 | D:3      | Found a transporter.
  2910 | D:3      | Identified the +4 dire flail of Infection {vorpal, rPois
                  | Dex+5}
  2910 | D:3      | Noticed an ogre
  2910 | D:3      | Noticed valliere's ghost (amateur DjTm)
  2911 | D:3      | Noticed an ogre
  2912 | D:3      | Noticed an ogre
  3054 | D:3      | Killed Sigmund
  3055 | D:3      | Reached XP level 6. HP: 32/40 MP: 0/0
  3244 | D:4      | Found a glowing golden altar of the Shining One.
  3321 | D:4      | Reached skill level 5 in Spellcasting
  3336 | D:4      | Reached XP level 7. HP: 41/45 MP: 0/0
  3336 | D:4      | Learned a level 3 spell: Mephitic Cloud
  3396 | D:4      | Found Uhiedo's Self-Improvement Boutique.
  3465 | D:4      | Noticed Blork the orc
  3476 | D:4      | Killed Blork the orc
  3477 | D:4      | Reached skill level 6 in Spellcasting
  3595 | D:4      | You are sucked into a shaft and drop 3 floors!
  3630 | D:7      | Reached XP level 8. HP: 39/50 MP: 0/0
  3682 | D:7      | Found a staircase to the Ecumenical Temple.
  3692 | Temple   | Entered the Ecumenical Temple
  3728 | Temple   | Became a worshipper of Ashenzari the Shackled
  3809 | D:6      | Reached skill level 7 in Spellcasting
  3837 | D:6      | Identified the +7 spear "Lifebane" {protect, Dex+2}
  3886 | D:5      | Entered Level 5 of the Dungeon
  4712 | D:5      | Found a runed translucent gate.
  4712 | D:5      | Found a runed translucent gate.
  4713 | D:5      | Found a runed translucent gate.
  4715 | D:5      | Noticed ReploidZero's ghost (novice TeAE)
  4863 | D:5      | Reached skill level 8 in Spellcasting
  4863 | D:5      | Reached XP level 9. HP: 53/55 MP: 0/0
  4863 | D:5      | Learned a level 3 spell: Dazzling Flash
  4946 | D:5      | Reached * piety under Ashenzari
  5143 | D:5      | Found the +2 ratskin cloak {*Rats rPois rN+ Str-1 Int-1
                  | Dex+1}
  5349 | D:6      | Reached skill level 1 in Fighting
  5443 | D:6      | Noticed Dowan
  5446 | D:6      | Noticed Duvessa
  5455 | D:6      | Killed Duvessa
  5459 | D:6      | Killed Dowan
  5795 | D:6      | Found Opren's Weapon Shoppe.
  5928 | D:7      | Found a broken altar of Ashenzari.
  5990 | D:7      | Reached skill level 9 in Spellcasting
  6021 | D:7      | Reached ** piety under Ashenzari
  6104 | D:7      | Found a stormy altar of Qazlal.
  6168 | D:7      | Reached skill level 5 in Dodging
  6168 | D:7      | Reached XP level 10. HP: 69/70 MP: 0/0
  6643 | D:7      | Reached skill level 10 in Spellcasting
  6864 | D:7      | Reached *** piety under Ashenzari
  7118 | D:8      | Reached skill level 1 in Evocations
  7920 | D:9      | Reached XP level 11. HP: 76/76 MP: 0/0
  7920 | D:9      | Learned a level 4 spell: Olgreb's Toxic Radiance
  8008 | D:9      | Reached skill level 5 in Evocations
  8132 | D:9      | Noticed a white ugly thing
  8146 | D:9      | Killed a white ugly thing
  8147 | D:9      | Reached skill level 11 in Spellcasting
  8277 | D:9      | Found Cheibriados's Comfort Zone.
  8277 | D:9      | Found a snail-covered altar of Cheibriados.
  8297 | D:9      | Noticed a two-headed ogre
  8298 | D:9      | Reached **** piety under Ashenzari
  8316 | D:9      | Killed a two-headed ogre
  8753 | D:10     | Entered Level 10 of the Dungeon
  8862 | D:10     | Noticed Fannar
  8875 | D:10     | Identified the +5 war axe "Atihetup" {antimagic, rElec
                  | Str+4 Int+3 Stlth+}
  8945 | D:10     | Noticed a two-headed ogre
  8964 | D:10     | Killed a two-headed ogre
  9063 | D:10     | Killed Fannar
  9240 | D:10     | Found a staircase to the Lair.
  9793 | Lair:1   | Entered Level 1 of the Lair of Beasts
 10013 | Lair:1   | Identified the +6 long sword "Onuiv Yca" {vorpal, rF+}
 10041 | Lair:1   | Reached skill level 5 in Fighting
 10043 | Lair:1   | Noticed Amaemon
 10054 | Lair:1   | Killed Amaemon
 10055 | Lair:1   | Reached XP level 12. HP: 72/91 MP: 0/0
 10057 | Lair:1   | Reached skill level 5 in Stealth
 10755 | Lair:2   | Found a dark tunnel.
 10763 | Volcano  | Entered a volcano
 10853 | Volcano  | Noticed a skeletal warrior
 10916 | Lair:2   | Noticed an eight-headed hydra
 10932 | Lair:2   | Killed an eight-headed hydra
 10970 | Lair:2   | Reached skill level 10 in Dodging
 11254 | Lair:2   | Reached XP level 13. HP: 58/96 MP: 0/0
 11254 | Lair:2   | Learned a level 5 spell: Iskenderun's Battlesphere
 11346 | Lair:2   | Found a staircase to the Shoals.
 11455 | Lair:2   | Reached skill level 12 in Spellcasting
 11645 | Lair:2   | Found a staircase to the Snake Pit.
 11894 | D:9      | Bought the +3 hat of Pondering {ponderous, Will+ MP+10
                  | Int+5} for 533 gold pieces
 11894 | D:9      | Found the +3 hat of Pondering {ponderous, Will+ MP+10
                  | Int+5}
 11951 | Lair:2   | Reached ***** piety under Ashenzari
 12103 | Lair:3   | Noticed a catoblepas
 12115 | Lair:3   | Killed a catoblepas
 12255 | Lair:3   | Noticed a five-headed hydra
 12264 | Lair:3   | Killed a five-headed hydra
 12322 | Lair:3   | Reached skill level 13 in Spellcasting
 12415 | Lair:3   | Noticed Rupert
 12426 | Lair:3   | Killed Rupert
 12533 | Lair:3   | Found a transporter.
 12533 | Lair:3   | Found a transporter.
 12541 | Lair:3   | Noticed Zofeg's ghost (journeyman MiMo)
 13167 | D:3      | Killed valliere's ghost
 13280 | D:5      | Killed ReploidZero's ghost
 13281 | D:5      | Reached skill level 1 in Shields
 13768 | Lair:4   | Noticed Nessos
 13775 | Lair:4   | HP: 3/97 [Nessos/arrow (2)]
 13776 | Lair:5   | Entered Level 5 of the Lair of Beasts
 13832 | Lair:5   | Reached XP level 14. HP: 56/103 MP: 0/0
 13858 | Lair:5   | Reached skill level 14 in Spellcasting
 14117 | Lair:5   | Found a staircase to the Slime Pits.
 14118 | Lair:5   | Found a viscous altar of Jiyva.
 14667 | Lair:4   | Killed Nessos
 15226 | D:11     | Identified the +3 plate armour "Puattar" {Drain rC+ Str-5
                  | Int+3 SInv}
 15259 | D:11     | Found a staircase to the Orcish Mines.
 15279 | D:11     | Identified Syeramu's Compendium of Blasting
 15422 | D:11     | Noticed Urug
 15429 | D:11     | Killed Urug
 15480 | D:11     | Found a portal to a secret trove of treasure.
 16148 | D:6      | Bought 3 curare-tipped darts for 18 gold pieces
 16527 | Lair:5   | Noticed a dire elephant
 16749 | Lair:5   | Killed a dire elephant
 16864 | Lair:5   | Identified the amulet of Qudunedo {Spirit Fly rF- rN+++
                  | Stlth-}
 17230 | Orc:1    | Entered Level 1 of the Orcish Mines
 17254 | Orc:2    | Entered Level 2 of the Orcish Mines
 17540 | Orc:2    | Reached XP level 15. HP: 87/116 MP: 0/0
 17540 | Orc:2    | Learned a level 6 spell: Eringya's Noxious Bog
 17740 | Orc:2    | Found Taehuate's Jewellery Shoppe.
 17862 | Orc:2    | Found Jeku's Armour Boutique.
 18140 | Orc:2    | Found a staircase to the Elven Halls.
 18175 | Orc:1    | Noticed Maurice
 18191 | Orc:1    | Killed Maurice
 18601 | Orc:1    | Reached skill level 1 in Armour
 18609 | Orc:1    | Found a runed translucent gate.
 18609 | Orc:1    | Found a runed translucent gate.
 18609 | Orc:1    | Noticed Hihocicw's ghost (journeyman MeBr)
 18610 | Orc:1    | Noticed Snorg
 18616 | Orc:1    | Killed Snorg
 18670 | Orc:1    | Found a runed translucent gate.
 18671 | Orc:1    | Noticed Faerphill's ghost (journeyman DgCj)
 18697 | Orc:1    | Noticed Jorgrun
 18706 | Orc:1    | Killed Jorgrun
 19057 | Orc:2    | Found Putsy's Antique Armour Boutique.
 19057 | Orc:2    | Found Ezippau's Antique Weapon Shoppe.
 19472 | D:12     | Reached skill level 5 in Short Blades
 20366 | D:13     | Reached skill level 15 in Spellcasting
 21076 | Snake:1  | Entered Level 1 of the Snake Pit
 21125 | Snake:1  | Found Votim's Armour Boutique.
 21143 | Snake:1  | Found Giutofy's Vocational Training.
 21150 | Snake:1  | Reached XP level 16. HP: 113/126 MP: 0/0
 22500 | Shoals:1 | Entered Level 1 of the Shoals
 22589 | Shoals:1 | Found a flickering gateway to a bazaar.
 22626 | Bazaar   | Entered a bazaar
 22636 | Bazaar   | Found Aquheuli's Antique Weapon Emporium.
 22647 | Bazaar   | Found Paigiast's Antique Weapon Shoppe.
 22662 | Bazaar   | Found Xuarph's Antique Armour Shoppe.
 22673 | Bazaar   | Found Ovubae's Antique Armour Emporium.
 22706 | Bazaar   | Bought an ivory rapier for 252 gold pieces
 22706 | Bazaar   | Identified the +11 rapier "Giantslayer" {spect, Str+3} (You
                  | bought it in a shop in a bazaar)
 22865 | Shoals:1 | Reached skill level 16 in Spellcasting
 23870 | Shoals:2 | Noticed Polyphemus
 23887 | Shoals:2 | Killed Polyphemus
 24708 | Shoals:3 | Noticed Ilsuiw
 24726 | Shoals:3 | Killed Ilsuiw
 24727 | Shoals:3 | Reached XP level 17. HP: 52/131 MP: 0/0
 24727 | Shoals:3 | Learned a level 7 spell: Ozocubu's Refrigeration
 25266 | Shoals:3 | Reached skill level 10 in Fighting
 27319 | Snake:3  | Found a transporter.
 27319 | Snake:3  | Found the +10 morningstar "Eos" {elec, Halo rElec}
 27320 | Snake:3  | Identified the Collected Works on Enthralling Terrain
 27331 | Snake:3  | Found a transporter.
 27476 | Snake:4  | Entered Level 4 of the Snake Pit
 27476 | Snake:4  | Found a frozen archway.
 27507 | IceCv    | Entered an ice cave
 27567 | IceCv    | Identified the ring "Niudway" {rCorr Dex+6}
 27999 | IceCv    | Reached XP level 18. HP: 113/143 MP: 0/0
 28056 | IceCv    | Upgraded the game from 0.30-a0-141-g30f27751c5 to
                  | 0.30-a0-149-g7f746667c4
 28123 | IceCv    | HP: 2/144 [azure jelly[an orange crystal statue] (7)]
 28125 | IceCv    | Mangled by an azure jelly

Illustrated notes

Levels and vault maps discovered:
D:1:      shiori_arrival_maze, layout_basic
D:2:      layout_rooms, nicolae_ecumenical_lake_church
D:3:      layout_basic, nicolae_overflow_crystal_walls, gammafunk_ghost_smash,
          uniq_jessica, uniq_sigmund
D:4:      layout_basic, kennysheep_mini, nicolae_shop_self_help,
          uniq_blork_the_orc
D:5:      wander_guarded_unrand_ratskin, layout_rooms,
          ebering_ghost_rock_garden, chequers_arboretum, grunt_decor_fettered,
          minmay_diced_spiral
D:6:      layout_rooms, serial_shops, nicolae_shop_hallway_stairs, uniq_duvessa
D:7:      layout_gridville, mainiacjoe_overflow_tiny_flanked,
          minmay_temple_entry_gardened_gates, kennysheep_small_circle
D:8:      layout_rooms, minmay_circle_x
D:9:      layout_irregular_city, minivault_5, minmay_shop_chei,
          serial_bayou_pond_c, grunt_ministairs_13
D:10:     lemuel_flame_loot_2, layout_loops_ring, due_lair_maze_entry_diamond,
          chequers_decorated_corner, uniq_fannar
D:11:     layout_basic, orc_0_dummy, nicolae_trove_entry_columns,
          nicolae_straight_to_the_point, uniq_urug
D:12:     layout_roguey, minmay_shattered_shrine
D:13:     layout_long_grid
Temple:   hellmonk_temple_of_storms
Lair:1:   minmay_lair_oklob_tunnel, layout_gridlike, uniq_amaemon
Lair:2:   layout_chaotic_city, elwin_shoals_entry_stream,
          guppyfry_snake_entry_garden, nicolae_volcano_entry_lava_flow,
          lemuel_fruit_tree, grunt_megastairs_2
Lair:3:   layout_small_grid, gammafunk_ghost_hive, uniq_rupert
Lair:4:   beast_lair_carwin_large_2, layout_long_grid,
          grunt_forest_large_clearing_hut, uniq_nessos
Lair:5:   grunt_lair_end_beastmaster, layout_long_grid, slime_entry_1,
          wad_woods_02
Shoals:1: layout_shoals, serial_shops, bzr_firewalk
Shoals:2: layout_shoals, uniq_polyphemus
Shoals:3: layout_shoals, nicolae_shoals_shepherds, uniq_ilsuiw
Snake:1:  layout_chambers, serial_shops, shop, nicolae_shop_vocational
Snake:2:  layout_chambers, nicolae_snake_serpentine_hallways
Snake:3:  gammafunk_sealed_arena, layout_cave_shapes
Snake:4:  johnstein_snake_rune_scales, layout_cave_town,
          portal_ice_cave_entry_ugly_swarm, drop_trap
Orc:1:    layout_caves, gammafunk_ghost_cemetery, minmay_orc_keep, uniq_maurice,
          uniq_snorg, uniq_jorgrun
Orc:2:    st_orc_town, layout_diamond_mine, nicolae_orc_damp_corner
IceCv:    ice_cave_hellmonk_azure_passage

Skill      XL: |  1  2  3  4  5  6  7  8  9 10 11 12 13 14 15 16 17 |
---------------+----------------------------------------------------+-----
Stealth        | 2 3 4 6 7 |  7.6
Spellcasting   | 3 4 5 6 8 9 10 11 13 14 15 16 | 16.6
Fighting       | 3 5 8 9 12 | 12.3
Dodging        | 5 6 10 12 | 12.7
Evocations     | 4 5 6 9 |  9.6
Short Blades   | 3 5 8 |  8.5
Shields        | 2 |  2.4
Armour         | 2 |  2.4

Action                   |  1- 3 |  4- 6 |  7- 9 | 10-12 | 13-15 | 16-18 || total
-------------------------+-------+-------+-------+-------+-------+-------++-------
Melee: Short sword       |    11 |     3 |     9 |    65 |    94 |    17 ||   199
       Punch             |       |       |     1 |       |     2 |     1 ||     4
       Rapier            |       |       |       |       |       |    41 ||    41
 Cast: Foxfire           |    25 |    41 |    19 |    32 |   424 |   169 ||   710
       Scorch            |    26 |    19 |   135 |   185 |    75 |    31 ||   471
       Necrotise         |       |     3 |       |     2 |       |     5 ||    10
       Kindle Blastspark |       |     2 |    18 |     4 |       |       ||    24
       Flame Wave        |       |       |     3 |    18 |    31 |    35 ||    87
       Mephitic Cloud    |       |       |     8 |    52 |   148 |    46 ||   254
       Inner Flame       |       |       |     5 |    11 |     2 |     3 ||    21
       Dazzling Flash    |       |       |     1 |       |     2 |     1 ||     4
       Olgreb's Toxic Ra |       |       |       |     3 |    60 |    27 ||    90
       Iskenderun's Batt |       |       |       |       |    94 |    45 ||   139
       Ensorcelled Hiber |       |       |       |       |     2 |     1 ||     3
       Eringya's Noxious |       |       |       |       |     3 |     2 ||     5
       Ozocubu's Refrige |       |       |       |       |       |    98 ||    98
Invok: Curse Item        |       |       |     3 |     3 |     2 |     1 ||     9
       Shatter the Chain |       |       |       |       |       |     1 ||     1
 Abil: Evoke Invisibilit |       |       |     1 |       |       |       ||     1
Evoke: Wand              |       |       |       |       |       |     1 ||     1
  Use: Scroll            |       |     6 |     4 |     1 |       |     2 ||    13
       Potion            |       |       |     1 |     2 |     2 |     2 ||     7
 Stab: Confused          |       |       |     1 |     9 |     9 |     4 ||    23
       Sleeping          |       |       |       |       |     1 |       ||     1
       Distracted        |       |       |       |       |       |     1 ||     1
Armor: Robe              |     7 |     1 |     1 |     5 |    19 |    23 ||    56
Dodge: Dodged            |    12 |     3 |    24 |    86 |   143 |   129 ||   397
Block: Other             |       |       |       |    16 |    43 |    19 ||    78
       Reflection        |       |       |       |       |     2 |    12 ||    14
       Tower shield      |       |       |       |       |       |    58 ||    58

Table legend: (Time is in decaauts)
 A = Elapsed time spent in this place.
 B = Non-inter-level travel time spent in this place.
 C = Inter-level travel time spent in this place.
 D = Time resting spent in this place.
 E = Time spent auto-exploring this place.
 F = Levels seen in this place.
 G = Mean time per level.
                   A        B        C        D        E       F      G
               +--------+--------+--------+--------+--------+-----+--------+
         Total |  29275 |  26485 |   2790 |   4680 |  13200 |  31 |  944.4 |
       Dungeon |  13328 |  12022 |   1306 |   2350 |   6739 |  13 | 1025.2 |
        Temple |     45 |     45 |      0 |      0 |     18 |   1 |   45.0 |
          Lair |   6112 |   5240 |    872 |    896 |   2331 |   5 | 1222.4 |
        Shoals |   3454 |   3289 |    165 |    673 |   1673 |   3 | 1151.3 |
     Snake Pit |   3170 |   2981 |    189 |    402 |   1623 |   4 |  792.5 |
  Orcish Mines |   2240 |   1984 |    256 |    164 |    803 |   2 | 1120.0 |
        Bazaar |    146 |    146 |      0 |      0 |     10 |   1 |  146.0 |
      Ice Cave |    641 |    641 |      0 |    189 |      0 |   1 |  641.0 |
       Volcano |    135 |    135 |      0 |      6 |      0 |   1 |  135.0 |
               +--------+--------+--------+--------+--------+-----+--------+

Top non-repeatable levels by time:
 Snake:1: 1514 daAuts
     D:1: 1339 daAuts
     D:9: 1308 daAuts
  Lair:2: 1276 daAuts
    D:10: 1272 daAuts
  Lair:3: 1262 daAuts
     D:7: 1225 daAuts
   Orc:2: 1225 daAuts
  Lair:5: 1223 daAuts
Shoals:2: 1199 daAuts
  Lair:1: 1181 daAuts
 Snake:2: 1171 daAuts
  Lair:4: 1167 daAuts
     D:3: 1151 daAuts
Shoals:3: 1149 daAuts
